 Dungeon Crawl Stone Soup version 0.18-b1-17-g3aa4875 (webtiles) character file.

26710 BubbleThief the Impaler (level 13, -2/107 HPs)
             Began as a Merfolk Ice Elementalist on Apr 30, 2016.
             Was the Champion of Okawaru.
             Slain by a giant leech (12 damage)
             ... on level 6 of the Lair of Beasts on May 2, 2016.
             The game lasted 00:47:39 (19767 turns).

BubbleThief the Impaler (Merfolk Ice Elementalist) Turns: 19767, Time: 00:47:40

Health: -2/107     AC: 15    Str:  8    XL:     13   Next: 27%
Magic:  14/16      EV: 25    Int: 20    God:    Okawaru [******]
Gold:   1076       SH:  0    Dex: 22    Spells: 4 memorised, 8 levels left

rFire  . . .     SeeInvis .     g - +0 glaive (venom)
rCold  . . .     Gourm    .     A - +2 robe {Archmagi}
rNeg   . . .     Faith    +     (shield currently unavailable)
rPois  .         Spirit   .     (helmet restricted)
rElec  .         Dismiss  .     o - +1 cloak {+Inv}
rCorr  .         Reflect  .     F - +0 pair of gloves
SustAt .         Harm     .     M - +0 pair of boots {Fly}
MR     .....                    L - amulet of faith
Stlth  +++++.....               y - +4 ring of dexterity
                                T - ring of Xerhieschergh {Wiz Int+4}

@: icy armour, flying, slow, not resistant to hostile enchantments, quite
stealthy
A: change form in water, swift swim, horns 1
a: Heroism, Finesse, Renounce Religion, Evoke Invisibility, Stop Flying


You were on level 6 of the Lair of Beasts.
You worshipped Okawaru.
Okawaru was exalted by your worship.
You were not hungry.

You visited 3 branches of the dungeon, and saw 18 of its levels.
You also visited: Labyrinth.

You collected 1076 gold pieces.

Inventory:

Hand Weapons
 g - a +0 glaive of venom (weapon)
Armour
 o - a +1 cloak of invisibility (worn)
 r - a +2 robe of cold resistance
 t - a +1 helmet
 A - a +2 robe of the Archmagi (worn)
 F - a +0 pair of gloves (worn)
 M - a +0 pair of boots of flying (worn)
Magical Staves
 P - an uncursed staff of cold
Jewellery
 y - a +4 ring of dexterity (right hand)
 K - the ring of Giuthri {rPois rF+ rC- MR+}
   (You found it in a labyrinth)

   [ring of protection from magic]

   It protects you from fire.
   It makes you vulnerable to cold.
   It protects you from poison.
   It affects your resistance to hostile enchantments.
 L - an amulet of faith (around neck)
 O - an uncursed ring of protection from fire
 T - the ring of Xerhieschergh (left hand) {Wiz Int+4}
   (You took it off a minotaur in a labyrinth)

   [ring of wizardry]

   It improves your spell success rate.
   It affects your intelligence (+4).
 V - the ring of Egust {rCorr MR+}
   (You found it in a labyrinth)

   [ring of resist corrosion]

   It affects your resistance to hostile enchantments.
Wands
 a - a wand of confusion (24/48)
 l - a wand of disintegration (15/24)
 D - a wand of lightning (6/15)
 I - a wand of acid (12/15)
 Q - a wand of lightning (5/15)
 S - a wand of slowing (25/48)
 W - a wand of iceblast (2/15)
Scrolls
 f - 3 scrolls of teleportation
 m - 2 scrolls of enchant armour
 p - a scroll of acquirement
 u - a scroll of identify
 v - 5 scrolls of remove curse
 z - 3 scrolls of magic mapping
 C - 2 scrolls of enchant weapon
Potions
 d - a potion of heal wounds
 h - 3 potions of resistance
 k - 2 potions of might
 n - a potion of agility
 q - a potion of magic
 s - 4 potions of curing
 B - 3 potions of brilliance
 E - a potion of flight {unknown}
 G - 2 potions of ambrosia {unknown}
 R - a potion of haste {unknown}
 Y - a potion of cure mutation {unknown}
Books
 b - a book of Frost

   Spells                             Type                      Level
   a - Freeze                         Ice                          1
   b - Throw Frost                    Conjuration/Ice              2
   c - Ozocubu's Armour               Charms/Ice                   3
   d - Throw Icicle                   Conjuration/Ice              4
   e - Summon Ice Beast               Ice/Summoning                4
 j - a book of Transfigurations

   Spells                             Type                      Level
   a - Irradiate                      Conjuration/Transmutation    5
   b - Statue Form                    Transmutation/Earth          6
   c - Hydra Form                     Transmutation                6
   d - Dragon Form                    Transmutation                7
 w - a book of Minor Magic

   Spells                             Type                      Level
   a - Magic Dart                     Conjuration                  1
   b - Blink                          Translocation                2
   c - Call Imp                       Summoning                    2
   d - Repel Missiles                 Charms/Air                   2
   e - Slow                           Hexes                        2
   f - Conjure Flame                  Conjuration/Fire             3
   g - Mephitic Cloud                 Conjuration/Poison/Air       3
 H - a book of Geomancy

   Spells                             Type                      Level
   a - Sandblast                      Earth                        1
   b - Passwall                       Transmutation/Earth          2
   c - Stone Arrow                    Conjuration/Earth            3
   d - Petrify                        Transmutation/Earth          4
   e - Lee's Rapid Deconstruction     Earth                        5
 U - a Necronomicon

   Spells                             Type                      Level
   a - Haunt                          Necromancy/Summoning         7
   b - Borgnjor's Revivification      Necromancy                   8
   c - Death's Door                   Charms/Necromancy            8
   d - Necromutation                  Transmutation/Necromancy     8
Miscellaneous
 X - a disc of storms
Comestibles
 c - 7 bread rations
 i - 7 meat rations
 N - 7 fruits


   Skills:
 - Level 11.7 Fighting
 + Level 18.7 Polearms
 - Level 12.6 Dodging
 - Level 9.0 Stealth
 - Level 2.0 Spellcasting
   Level 0.7 Conjurations
 - Level 4.3 Charms
 - Level 4.1 Ice Magic


You had 8 spell levels left.
You knew the following spells:

 Your Spells              Type           Power        Failure   Level  Hunger
a - Freeze                Ice            ####         1%          1    #......
b - Ozocubu's Armour      Chrm/Ice       ####....     4%          3    ###....
c - Repel Missiles        Chrm/Air       ###...       4%          2    ##.....
d - Blink                 Tloc           N/A          10%         2    ##.....


Dungeon Overview and Level Annotations

Branches:
Dungeon (11/15)            Temple (1/1) D:7            Lair (6/8) D:10
  Snake (0/4) Lair:3
  Swamp: Lair:3-6    Shoals: Lair:3-6     Slime: Lair:6-8       Orc: D:9-12

Altars:
Ashenzari
Cheibriados
Dithmenos
Elyvilon
Fedhas
Gozag
Kikubaaqudgha
Makhleb
Nemelex Xobeh
Okawaru
Pakellas
Qazlal
Ru
Sif Muna
Trog
Vehumet
Xom
Yredelemnul
Zin
The Shining One

Shops:
D:5 %

Annotations:
Lair:1 Sonja
Lair:3 Rupert
Lair:5 Grivan's ghost, journeyman DDEE; cciulla's ghost, journeyman FoFi


Innate Abilities, Weirdness & Mutations

You revert to your normal form in water.
You are very nimble and swift while swimming.
You have a pair of small horns on your head.


Message History

Unknown command.
You completely miss Nessos.
Nessos is almost dead.
Nessos hits you.
* * * LOW HITPOINT WARNING * * *
Nessos barely misses you. The giant leech bites you!
* * * LOW HITPOINT WARNING * * *
Unknown command.
Drink which item? (? for menu, Esc to quit)
You feel much better.
You feel sick. Nessos closely misses you. x2
You slash Nessos!
You kill Nessos!
Okawaru is honoured by your kill.
Your life force feels restored.
The giant leech bites you!
* * * LOW HITPOINT WARNING * * *
Unknown command.
Drink which item? (? for menu, Esc to quit)
You feel better. The giant leech bites you!
You die...

....... .........
........# .............
#.......# .............
#.......# ##............
#......(.###..P..........
...)..[.#.##PPPPP........
#.......(....PPP.........
#........P..#..P........P
........@....(...........
.......()w..(.#..........
#..........♣♣.♣♣.##...##.
#.....(..♣(♣♣♣♣♣♣##.#####
..........♣♣ ### #
#....(....♣ # ...........
.. #.........♣♣ ..
#.........♣ .


You could see a giant leech.

Vanquished Creatures
  Nessos (Lair:6)
  A minotaur (Lab)
  Fannar (Lair:1)
  3 death yaks (Lair:4)
  Nergalle (D:10)
  2 hill giants (D:11)
  An oklob plant (Lair:5)
  Joseph (D:7)
  Maurice (D:8)
  A centaur skeleton (D:11)
  2 black mambas (Lair:1)
  4 spiny frogs
  6 komodo dragons
  A two-headed ogre (D:11)
  5 blink frogs (Lair:3)
  Grinder (D:6)
  Sigmund (D:3)
  A wyvern (D:8)
  29 yaks
  Grum (Lair:1)
  2 hungry ghosts
  6 basilisks
  A hog (D:10)
  A human (D:10)
  4 hippogriffs
  4 nagas (Lair:3)
  Menkaure (D:6)
  3 water moccasins
  8 porcupines
  3 orc warriors
  2 sky beasts (D:5)
  3 black bears
  5 ice beasts
  A necrophage (D:7)
  7 wolves
  2 ogres (D:7)
  4 centaurs
  4 crocodiles
  19 giant frogs
  A water moccasin skeleton (D:8)
  2 jellies
  2 scorpions
  9 killer bees
  9 howler monkeys
  2 crimson imps
  A giant frog zombie (D:6)
  4 lava snakes (Lab)
  A quasit (D:9)
  2 giant frog skeletons
  5 hounds
  3 orc priests
  A gnoll shaman (D:5)
  3 iguanas
  Ijyb (D:2)
  7 worker ants
  3 orc wizards
  16 sheep
  A hound skeleton (D:6)
  2 worker ant zombies
  Robin (D:3)
  2 howler monkey skeletons (D:4)
  11 gnolls
  47 river rats
  13 adders
  4 shadow imps
  An ooze (D:2)
  3 adder zombies
  An adder skeleton (D:5)
  4 dart slugs
  3 giant geckos
  37 orcs
  4 giant cockroaches
  20 goblins
  9 hobgoblins
  15 jackals
  5 kobolds
  5 quokkas
  11 bats
  A giant gecko zombie (D:8)
  6 giant newts
  A jackal skeleton (D:4)
  6 rats
429 creatures vanquished.

Vanquished Creatures (others)
  A goblin (D:3)
  6 fungi
  A plant (Lair:4)
8 creatures vanquished.

Grand Total: 437 creatures vanquished

Notes
Turn   | Place    | Note
--------------------------------------------------------------
     0 | D:1      | BubbleThief the Merfolk Ice Elementalist began the quest for the Orb.
     0 | D:1      | Reached XP level 1. HP: 13/13 MP: 3/3
   237 | D:1      | Reached XP level 2. HP: 8/19 MP: 1/5
   481 | D:1      | Reached XP level 3. HP: 24/25 MP: 6/6
   799 | D:2      | Found a shimmering altar of Xom.
   884 | D:2      | Reached skill level 1 in Fighting
   906 | D:2      | Noticed Ijyb
   921 | D:2      | Killed Ijyb
   921 | D:2      | Reached XP level 4. HP: 24/33 MP: 7/7
  1828 | D:2      | Reached XP level 5. HP: 32/41 MP: 8/8
  2144 | D:3      | Noticed Sigmund
  2157 | D:3      | Learned a level 3 spell: Ozocubu's Armour
  2175 | D:3      | Killed Sigmund
  2175 | D:3      | Reached skill level 5 in Dodging
  2175 | D:3      | Reached XP level 6. HP: 30/49 MP: 6/9
  2270 | D:3      | Found a faded altar to an unknown god.
  2270 | D:3      | Noticed Robin
  2295 | D:3      | Killed Robin
  2420 | D:3      | Reached skill level 5 in Fighting
  3218 | D:4      | Reached XP level 7. HP: 57/57 MP: 10/10
  3371 | D:5      | Entered Level 5 of the Dungeon
  3773 | D:5      | Found a glowing silver altar of Zin.
  4245 | D:5      | Reached XP level 8. HP: 41/67 MP: 11/11
  4787 | D:5      | Found Dietaihi's Food Shoppe.
  5365 | D:6      | Noticed Grinder
  5452 | D:6      | Paralysed by Grinder for 4 turns
  5459 | D:6      | Killed Grinder
  5459 | D:6      | Reached XP level 9. HP: 66/76 MP: 10/12
  5498 | D:6      | Noticed Menkaure
  5501 | D:6      | Killed Menkaure
  5793 | D:7      | Noticed Joseph
  5834 | D:7      | Killed Joseph
  5834 | D:7      | Reached skill level 10 in Fighting
  5834 | D:7      | Reached skill level 10 in Dodging
  6558 | D:7      | Found a staircase to the Ecumenical Temple.
  6582 | Temple   | Entered the Ecumenical Temple
  6683 | Temple   | Became a worshipper of Warmaster Okawaru
  6904 | D:8      | You fall through a shaft for 3 floors!
  6930 | D:11     | Noticed a hill giant
  6953 | D:11     | Found a shadowy altar of Dithmenos.
  7042 | D:11     | Reached skill level 1 in Charms
  7279 | D:11     | Reached XP level 10. HP: 74/86 MP: 13/13
  7295 | D:11     | Reached * piety under Okawaru
  7976 | D:11     | Noticed a hill giant
  7996 | D:11     | Killed a hill giant
  7996 | D:11     | Reached ** piety under Okawaru
  7996 | D:11     | Reached skill level 5 in Stealth
  8090 | D:11     | HP: 4/86 [hill giant/giant club (37)]
  8100 | D:11     | Killed a hill giant
  8597 | D:11     | Reached *** piety under Okawaru
  8694 | D:10     | Entered Level 10 of the Dungeon
  9075 | D:10     | Noticed Nergalle
  9098 | D:10     | Killed Nergalle
  9147 | D:10     | Found a basalt altar of Yredelemnul.
  9153 | D:10     | Reached XP level 11. HP: 87/93 MP: 10/14
  9162 | D:10     | Reached **** piety under Okawaru
  9191 | D:10     | Learned a level 2 spell: Repel Missiles
  9194 | D:10     | Learned a level 2 spell: Blink
  9805 | D:10     | Found a staircase to the Lair.
 10820 | D:9      | Identified 3 scrolls of acquirement
 10988 | D:8      | Reached skill level 1 in Polearms
 11017 | D:8      | Reached skill level 2 in Polearms
 11046 | D:8      | Noticed Maurice
 11061 | D:8      | Killed Maurice
 11061 | D:8      | Reached ***** piety under Okawaru
 11061 | D:8      | Reached skill level 4 in Polearms
 11285 | D:8      | Reached skill level 5 in Polearms
 11531 | D:8      | Reached skill level 6 in Polearms
 11669 | Lair:1   | Entered Level 1 of the Lair of Beasts
 11778 | Lair:1   | Received a gift from Okawaru
 11778 | Lair:1   | Reached skill level 7 in Polearms
 12107 | Lair:1   | Noticed Sonja
 12147 | Lair:1   | Reached skill level 8 in Polearms
 12222 | Lair:1   | Noticed Grum
 12395 | Lair:1   | Killed Grum
 12405 | Lair:1   | Reached skill level 9 in Polearms
 12856 | Lair:1   | Reached skill level 10 in Polearms
 12995 | Lair:1   | Received a gift from Okawaru
 13082 | Lair:1   | Noticed Fannar
 13106 | Lair:1   | Killed Fannar
 13106 | Lair:1   | Reached skill level 11 in Polearms
 13471 | Lair:1   | Noticed a seven-headed hydra
 13779 | Lair:2   | Reached XP level 12. HP: 91/101 MP: 15/15
 13809 | Lair:2   | Reached skill level 12 in Polearms
 14608 | Lair:2   | Found a shattered altar of Ashenzari.
 14669 | Lair:2   | Reached skill level 13 in Polearms
 15031 | Lair:3   | Found a labyrinth entrance.
 15040 | Lab      | Entered a labyrinth
 15799 | Lab      | Reached skill level 14 in Polearms
 15808 | Lab      | Got a crude pewter ring
 15822 | Lab      | Identified the ring of Giuthri {rPois rF+ rC- MR+} (You found it in a labyrinth)
 16044 | Lab      | Noticed a minotaur
 16441 | Lab      | Killed a minotaur
 16443 | Lab      | Got a steaming steel ring
 16445 | Lab      | Identified the ring of Xerhieschergh {Wiz Int+4} (You took it off a minotaur in a labyrinth)
 16471 | Lab      | Got a bound bone ring
 16476 | Lab      | Identified the ring of Egust {rCorr MR+} (You found it in a labyrinth)
 16637 | Lair:3   | Reached skill level 15 in Polearms
 17044 | Lair:3   | Found a staircase to the Snake Pit.
 17408 | Lair:3   | Reached skill level 16 in Polearms
 17557 | Lair:3   | Noticed Rupert
 17570 | Lair:4   | Upgraded the game from 0.18-b1-14-g029dad2 to 0.18-b1-17-g3aa4875
 17673 | Lair:4   | Received a gift from Okawaru
 18001 | Lair:4   | Noticed a death yak
 18003 | Lair:4   | Noticed a death yak
 18026 | Lair:4   | Noticed a death yak
 18083 | Lair:4   | Killed a death yak
 18089 | Lair:4   | Reached skill level 17 in Polearms
 18096 | Lair:4   | Killed a death yak
 18096 | Lair:4   | Reached ****** piety under Okawaru
 18096 | Lair:4   | Reached XP level 13. HP: 60/107 MP: 16/16
 18342 | Lair:4   | Received a gift from Okawaru
 18342 | Lair:4   | Reached skill level 18 in Polearms
 18957 | Lair:5   | Noticed cciulla's ghost (journeyman FoFi)
 18968 | Lair:5   | Noticed Grivan's ghost (journeyman DDEE)
 19113 | Lair:5   | Paralysed by cciulla's ghost for 5 turns
 19138 | Lair:4   | Gained mutation: You have a pair of small horns on your head. [potion of beneficial mutation]
 19739 | Lair:6   | Noticed Nessos
 19764 | Lair:6   | HP: 4/107 [giant leech (13)]
 19766 | Lair:6   | Killed Nessos
 19767 | Lair:6   | Slain by a giant leech

Skill      XL: |  1  2  3  4  5  6  7  8  9 10 11 12 13 |
---------------+----------------------------------------+-----
Ice Magic      | 4 |  4.1
Dodging        | 3 4 5 6 9 11 12 | 12.6
Fighting       | 2 3 4 5 7 9 10 11 | 11.7
Charms         | 4 |  4.3
Stealth        | 7 9 |  9.0
Polearms       | 11 17 18 | 18.7
Spellcasting   | |  2.0
Conjurations   | |  0.7

Action                   |  1- 3 |  4- 6 |  7- 9 | 10-12 | 13-15 || total
-------------------------+-------+-------+-------+-------+-------++-------
Melee: Unarmed           |    13 |       |       |       |       ||    13
       Whip              |    62 |   180 |   317 |  1028 |       ||  1587
       Glaive            |       |       |       |   186 |   129 ||   315
       Headbutt          |       |       |       |       |     8 ||     8
 Cast: Freeze            |    14 |     8 |    14 |       |       ||    36
       Ozocubu's Armour  |       |     4 |    10 |    44 |     3 ||    61
       Repel Missiles    |       |       |       |       |     1 ||     1
Invok: Heroism           |       |       |       |     3 |       ||     3
       Finesse           |       |       |       |     1 |       ||     1
Evoke: Wand              |       |       |       |    17 |       ||    17
  Use: Scroll            |       |     4 |     2 |    17 |     2 ||    25
       Potion            |       |       |     4 |     3 |     4 ||    11
 Stab: Sleeping          |     4 |     5 |     6 |    29 |     3 ||    47
       Distracted        |     2 |       |       |     2 |     1 ||     5
       Confused          |       |       |       |     3 |       ||     3
  Eat: Chunk             |       |     9 |    21 |    13 |     3 ||    46
       Pizza             |       |       |     2 |    10 |       ||    12
       Royal jelly       |       |       |     1 |       |       ||     1
       Beef jerky        |       |       |       |     4 |       ||     4
       Meat ration       |       |       |       |     1 |       ||     1
       Bread ration      |       |       |       |       |     1 ||     1
Armor: Robe              |    25 |    38 |    69 |   237 |    12 ||   381
Dodge: Dodged            |    57 |   155 |   324 |  1348 |    83 ||  1967
       Deflected         |       |       |       |       |     3 ||     3
